 Dungeon Crawl Stone Soup version 0.28-a0-1406-ga8dd43b1d0 (webtiles) character file.

Game seed: 16430637664309454613

18 Lekart the Skirmisher (level 2, 0/26 HPs)
             Began as a Draconian Fighter on Jan 6, 2022.
             Slain by an adder (3 damage)
             ... on level 1 of the Dungeon.
             The game lasted 00:00:45 (1264 turns).

Lekart the Skirmisher (Draconian Fighter)           Turns: 1264, Time: 00:00:46

Health: 0/26       AC:  4    Str: 18    XL:     2   Next: 48%
Magic:  2/2        EV: 12    Int:  8    God:
Gold:   32         SH:  4    Dex: 10    Spells: 1/1 levels left

rFire   . . .      SeeInvis .   a - +0 long sword
rCold   . . .      Faith    .   b - +0 buckler
rNeg    . . .      Spirit   .   (armour unavailable)
rPois   .          Reflect  .   (helmet restricted)
rElec   .          Harm     .   (no cloak)
rCorr   .          Rampage  .   (no gloves)
Will    .....                   (no boots)
Stlth   +.........              (no amulet)
HPRegen 0.08/turn               (no ring)
MPRegen 0.08/turn               (no ring)

@: no status effects
A: AC +4, unfitting armour, cold-blooded
a: no special abilities


You were on level 1 of the Dungeon.
You visited 1 branch of the dungeon, and saw 2 of its levels.

You collected 32 gold pieces.

Inventory:

Hand Weapons
 a - a +0 long sword (weapon)
Armour
 b - a +0 buckler (worn)
Scrolls
 e - a scroll of teleportation {unknown}
 f - a scroll of fog {unknown}
 g - a scroll of identify {unknown}
Potions
 c - a potion of might
 d - a potion of mutation {unknown}


   Skills:
 * Level 3.6 Fighting
 + Level 2.2 Long Blades
 + Level 3.0 Dodging
 + Level 3.2 Shields


You had one spell level left.
You didn't know any spells.
Your spell library was empty.

Dungeon Overview and Level Annotations

Branches:
Dungeon (2/15)

Altars:


Innate Abilities, Weirdness & Mutations

Your plain brown scales are hard. (AC +4)
You cannot fit into any form of body armour.
You are cold-blooded and may be slowed by cold attacks.


Message History

There are monsters nearby!
You completely miss the adder. The adder bites you.
You are poisoned.
The adder poisons you!
An adder comes into view.
The hobgoblin hits you.
There are monsters nearby!
You are too injured to fight recklessly!
There are monsters nearby!
You are too injured to fight recklessly!
You are too injured to fight recklessly!
You feel sick. The hobgoblin closely misses you.
The adder bites you but does no damage.
There is a stone staircase leading up here.
You feel sick.
The adder hisses angrily.
The hobgoblin hits you but does no damage.
The adder bites you.
You climb upwards.
You feel sick.
There is a stone staircase leading down here.
You closely miss the adder.
Your tail-slap misses the adder.
You feel sick.
You are no longer poisoned.
You block the adder's attack.
The hobgoblin hits you but does no damage.
The adder closely misses you.
You slash the adder!
The adder is severely wounded.
The hobgoblin hits you but does no damage.
The adder barely misses you. The hobgoblin hits you.
* * * LOW HITPOINT WARNING * * *
You miss the adder.
The adder is severely wounded.
The adder closely misses you. The adder misses you.
The hobgoblin hits you but does no damage.
You closely miss the adder.
The adder is severely wounded.
The adder bites you.
* * * LOW HITPOINT WARNING * * *
The hobgoblin misses you. The adder bites you.
You die...

##########..........#
#.....# #...[...####
#.....# #.......#
#.....# #...#####
#.....###...########
#.....'.'...'.......
#.....###...##......
#...S.###...##......
#..@g........+......
##############.....#
####### #### #...


You could see an adder and a hobgoblin.

Vanquished Creatures
  A dart slug (D:1)
  2 bats (D:1)
  3 endoplasms (D:1)
  3 goblins (D:1)
  2 hobgoblins (D:1)
  2 ball pythons (D:1)
  A frilled lizard (D:1)
14 creatures vanquished.

Notes
Turn   | Place    | Note
-------+----------+-------------------------------------------
     0 | D:1      | Lekart the Draconian Fighter began the quest for the Orb.
     0 | D:1      | Reached XP level 1. HP: 19/19 MP: 1/1
   205 | D:1      | Found a faded altar of an unknown god.
   343 | D:1      | Reached XP level 2. HP: 26/26 MP: 2/2
   357 | D:1      | HP: 1/26 [frozen (5)]
  1264 | D:1      | Slain by an adder

Illustrated notes

Levels and vault maps discovered:
D:1:      lightli_arrival_maybe_door_vault, layout_basic,
          ebering_ecumenical_altar_sacrificial
D:2:      layout_loops_ring

Skill      XL: |  1  2 |
---------------+-------+-----
Dodging        | 3 |  3.0
Fighting       | |  3.6
Long Blades    | |  2.2
Shields        | |  3.2

Action                   || total
-------------------------++-------
Melee: Long sword        ||    42
       Tailslap          ||     1
  Use: Potion            ||     1
 Stab: Distracted        ||     1
Armor: Skin              ||    27
Dodge: Dodged            ||    35
Block: Buckler           ||    14

Table legend: (Time is in decaauts)
 A = Elapsed time spent in this place.
 B = Non-inter-level travel time spent in this place.
 C = Inter-level travel time spent in this place.
 D = Time resting spent in this place.
 E = Time spent auto-exploring this place.
 F = Levels seen in this place.
 G = Mean time per level.
                   A        B        C        D        E       F      G
               +--------+--------+--------+--------+--------+-----+--------+
         Total |   1285 |   1221 |     64 |      0 |   1088 |   2 |  642.5 |
       Dungeon |   1285 |   1221 |     64 |      0 |   1088 |   2 |  642.5 |
               +--------+--------+--------+--------+--------+-----+--------+

Top non-repeatable levels by time:
     D:1: 1278 daAuts
     D:2: 6 daAuts
